 Dungeon Crawl Stone Soup version 0.32-a0-705-g60f233581c (webtiles) character file.

Game seed: 446085258705071823

39 PriceMaster the Grave Robber (level 3, 0/24 HPs)
             Began as a Demonspawn Necromancer on Mar 15, 2024.
             Slain by an adder (1 damage)
             ... on level 2 of the Dungeon.
             The game lasted 00:01:27 (1383 turns).

PriceMaster the Grave Robber (DsNe)                 Turns: 1383, Time: 00:01:27

Health: 0/24       AC:  3    Str:  8    XL:     3   Next: 28%
Magic:  1/6        EV: 10    Int: 19    God:
Gold:   40         SH:  0    Dex: 13    Spells: 2/6 levels left

rFire   . . .        b - +0 dagger
rCold   . . .        (no shield)
rNeg    . . .        c - +0 leather armour
rPois   .            (no helmet)
rElec   .            (no cloak)
rCorr   .            (no gloves)
SInv    .            (no boots)
Will    .....        (no amulet)
Stlth   ++           (no ring)
HPRegen 0.24/turn    (no ring)
MPRegen 0.10/turn

%: no passive effects
@: lethally poisoned (0 -> -2), hasted, very quick
A: big brain 1
a: no special abilities


You were on level 2 of the Dungeon.
You visited 1 branch of the dungeon, and saw 2 of its levels.

You collected 40 gold pieces.

Inventory:

Hand Weapons
 b - a +0 dagger (weapon)
Armour
 a - a +0 robe
 c - a +0 leather armour (worn)
Scrolls
 e - a scroll of teleportation {unknown}
 f - a scroll of poison {unknown}
 h - a scroll of vulnerability {unknown}


   Skills:
 + Level 0.3 Fighting
 + Level 2.0 Dodging
 + Level 2.0 Stealth
 + Level 2.3 Spellcasting
 + Level 5.1 Necromancy


You had 2 spell levels left.
You knew the following spells:

 Your Spells              Type           Power      Damage    Failure   Level
a - Necrotise             Necr           84%        1d8       2%          1
b - Vampiric Draining     Necr           21%        2d7       9%          3

Your spell library contained the following spells:

 Spells                   Type           Power      Damage    Failure   Level
 Animate Dead             Necr           21%        N/A       28%         4
 Curse of Agony           Necr           21%        N/A       61%         5


Dungeon Overview and Level Annotations

Branches:
Dungeon (2/15)

Altars:
Fedhas


Innate Abilities, Weirdness & Mutations

You have an unusually large brain. (Int +2)


Message History

The adder bites you but does no damage. The adder bites you.
You barely miss the adder.
The adder is almost dead.
The adder bites you but does no damage. The adder bites you. x3
You are poisoned.
The adder poisons you!
It was a potion of might.
You feel very mighty all of a sudden.
You feel sick. The adder barely misses you. The adder completely misses you.
You puncture the adder!
You kill the adder!
You feel sick. The adder bites you but does no damage.
Your magical contamination has completely faded away.
You closely miss the adder.
You feel sick. The adder barely misses you. The adder bites you.
You are more poisoned.
The adder poisons you!
You miss the adder.
* * * LOW HITPOINT WARNING * * *
You feel very sick. The adder closely misses you.
You miss the adder.
* * * LOW HITPOINT WARNING * * *
You feel sick. The adder bites you but does no damage.
It was a potion of brilliance.
You feel clever all of a sudden.
* * * LOW HITPOINT WARNING * * *
You feel sick. The adder bites you.
* * * LOW HITPOINT WARNING * * *
The adder closely misses you.
It was a potion of cancellation.
Your magical effects are unravelling.
You feel magically purged.
You feel a little less mighty now.
You feel a little less clever now.
* * * LOW HITPOINT WARNING * * *
You feel sick. The adder closely misses you.
It was a potion of haste.
You feel yourself speed up.
* * * LOW HITPOINT WARNING * * *
You feel sick. The adder bites you.
You die...

## .# # .. ### # .## ..# # .. #.#
# # w# #.# # #.#####S# ###.## #
#.....@†# #...<. ####.#.## #.#.##
#.#... #.#.## #.##### #.#.##
#.#### ##+## #(#... #....###...##
#.#### ###..#.##.....###.#### #
##.##...#.......##.....
###########...##.#.........####..


You could see an adder and a dart slug.

Vanquished Creatures
  An adder (D:2)
  3 dart slugs
  3 giant cockroaches (D:1)
  2 goblins (D:1)
  A hobgoblin (D:1)
  2 jackals (D:1)
  A quokka (D:2)
  5 ball pythons
  A bat (D:1)
  A kobold (D:1)
  4 rats
24 creatures vanquished.

Vanquished Creatures (collateral kills)
  A jackal (D:1)
  A frilled lizard (D:1)
2 creatures vanquished.

Grand Total: 26 creatures vanquished

Notes
Turn   | Place    | Note
-------+----------+-------------------------------------------
     0 | D:1      | PriceMaster the Demonspawn Necromancer began the quest for
                  | the Orb.
     0 | D:1      | Reached XP level 1. HP: 13/13 MP: 3/3
   157 | D:1      | Gained mutation: You have an unusually large brain. (Int
                  | +2) [demonic ancestry]
   157 | D:1      | Reached XP level 2. HP: 19/19 MP: 5/5
  1032 | D:2      | Reached XP level 3. HP: 24/24 MP: 2/6
  1036 | D:2      | Learned a level 3 spell: Vampiric Draining
  1141 | D:2      | Reached skill level 5 in Necromancy
  1199 | D:2      | Found a blossoming altar of Fedhas.
  1383 | D:2      | HP: 1/24 [poisoned by an adder]
  1383 | D:2      | Slain by an adder

Illustrated notes

Levels and vault maps discovered:
D:1:      minmay_arrival_loop, layout_loops_ring
D:2:      wad_river_or_something, layout_loops_corners, basic_altar

Skill      XL: |  1  2  3 |
---------------+----------+-----
Dodging        | 2 |  2.0
Stealth        | 2 |  2.0
Necromancy     | 5 |  5.1
Fighting       | |  0.3
Spellcasting   | |  2.3

Action                     || total
---------------------------++-------
  Melee: Dagger            ||    15
   Cast: Necrotise         ||    37
    Use: Potion            ||     5
   Stab: Sleeping          ||     1
 Armour: Robe              ||     5
         Leather armour    ||    23
  Dodge: Dodged            ||    25

Table legend: (Time is in decaauts)
 A = Elapsed time spent in this place.
 B = Non-inter-level travel time spent in this place.
 C = Inter-level travel time spent in this place.
 D = Time resting spent in this place.
 E = Time spent auto-exploring this place.
 F = Levels seen in this place.
 G = Mean time per level.
                   A        B        C        D        E       F      G
               +--------+--------+--------+--------+--------+-----+--------+
         Total |   1382 |   1364 |     18 |      0 |   1204 |   2 |  691.0 |
       Dungeon |   1382 |   1364 |     18 |      0 |   1204 |   2 |  691.0 |
               +--------+--------+--------+--------+--------+-----+--------+

Top non-repeatable levels by time:
     D:1: 952 daAuts
     D:2: 429 daAuts
